 Dungeon Crawl Stone Soup version 0.29-a0-813-g4a14ea37d6 (webtiles) character file.

Game seed: 18153281587503078554

265 buhh the Trooper (level 6, -7/43 HPs)
             Began as an Octopode Transmuter on July 4, 2022.
             Was an Initiate of Cheibriados.
             Mangled by a gnoll bouda
             ... wielding a +0 whip
              (8 damage)
             ... on level 4 of the Dungeon.
             The game lasted 00:08:11 (4963 turns).

buhh the Trooper (Octopode Transmuter)              Turns: 4963, Time: 00:08:12

Health: -7/43      AC:  1    Str:  8 (11) XL:     6   Next: 20%
Magic:  9/9        EV: 13    Int: 17 (18) God:    Cheibriados [......]
Gold:   246        SH:  0    Dex: 11 (13) Spells: 3/9 levels left

rFire   . . .      SeeInvis .     - Unarmed
rCold   . . .      Faith    .   (no shield)
rNeg    . . .      Spirit   .   (helmet restricted)
rPois   .          Reflect  .   a - amulet of the acrobat
rElec   .          Harm     .   (no ring)
rCorr   .          Rampage  .   (no ring)
Will    .....                   (no ring)
Stlth   +++.......              (no ring)
HPRegen 0.14/turn               (no ring)
MPRegen 0.11/turn               (no ring)
                                (no ring)
                                (no ring)

@: weakened, hasted, quick
A: almost no armour, amphibious, 8 rings, camouflage 1, gelatinous body 1,
(nimble swimmer 1), tentacles
a: Renounce Religion


You were on level 4 of the Dungeon.
You worshipped Cheibriados.
Cheibriados was noncommittal.
You visited 2 branches of the dungeon, and saw 6 of its levels.

You collected 246 gold pieces.

Inventory:

Hand Weapons
 c - a +1 demon trident of pain
Missiles
 b - 6 poisoned darts
Jewellery
 a - an amulet of the acrobat (around mantle)
 n - an amulet of guardian spirit
Scrolls
 d - a scroll of magic mapping {unknown}
 e - a scroll of teleportation {unknown}
 f - 2 scrolls of enchant weapon {unknown}
 g - 2 scrolls of identify {unknown}
 h - a scroll of noise {unknown}
 j - 3 scrolls of poison {unknown}
Potions
 m - a potion of mutation {unknown}
 N - a potion of curing {!q!d}


   Skills:
 - Level 4.0 Fighting
 * Level 3.5 Dodging
 - Level 2.0 Stealth
 * Level 3.7 Unarmed Combat
 - Level 2.0 Spellcasting
 - Level 2.0 Transmutations
 * Level 1.8 Poison Magic


You had 3 spell levels left.
You knew the following spells:

 Your Spells              Type           Power      Damage    Failure   Level
a - Beastly Appendage     Tmut           16%        N/A       9%          1
b - Wereblood             Tmut           8%         N/A       13%         2
c - Spider Form           Tmut/Pois      8%         N/A       26%         3

Your spell library contained the following spells:

 Spells                   Type           Power      Damage    Failure   Level
 Ice Form                 Ice/Tmut       5%         N/A       77%         4


Dungeon Overview and Level Annotations

Branches:
Dungeon (5/15) Zot: 38013  Temple (1/1) D:4 Zot: 8818

Altars:
Ashenzari
Cheibriados
Gozag
Hepliaklqana
Kikubaaqudgha
Nemelex Xobeh
Okawaru
Ru
Sif Muna
Uskayaw
Vehumet
Xom
Yredelemnul
Zin
The Shining One

Annotations:
D:5 Ijyb


Innate Abilities, Weirdness & Mutations

You cannot wear most types of armour.
You are amphibious.
You can wear up to eight rings at the same time.
Your skin changes colour to match your surroundings (Stealth+).
Your rubbery body absorbs attacks. (AC +1, EV +1)
((You are camouflaged when in or above water. (Stealth+)))
You have tentacles for arms and can constrict up to eight enemies at once.


Message History

Your transformation is almost over.
The gnoll completely misses you.
The gnoll bouda gazes fiercely through you!
You feel your attacks grow feeble. The gnoll bouda completely misses you.
The gnoll completely misses you.
You hit the gnoll bouda.
The gnoll bouda is lightly wounded.
The gnoll bouda barely misses you. The gnoll closely misses you. x2
You barely miss the gnoll bouda.
The gnoll bouda is lightly wounded.
The gnoll bouda barks out a call to the hunt!
The gnolls pick up the pace!
The gnoll completely misses you. The gnoll hits you with a +0 whip.
You barely miss the gnoll bouda.
The gnoll bouda is lightly wounded.
The gnoll bouda barely misses you. The gnoll closely misses you.
The gnoll hits you with a +0 whip!
You hit the gnoll bouda but do no damage.
The gnoll bouda is poisoned.
The gnoll bouda is lightly wounded.
The gnoll bouda closely misses you. The gnoll hits you with a +0 spear.
The gnoll closely misses you.
It was a potion of degeneration.
There was something very wrong with that liquid.
You feel weakened.
You feel dopey.
You feel clumsy.
Your transformation has ended.
The gnoll bouda gazes fiercely through you!
You feel as though you will be weak longer.
The gnoll bouda closely misses you. The gnoll misses you.
The gnoll hits you with a +0 whip!
It was a potion of magic.
Magic courses through your body.
The gnoll bouda hits you with a +0 whip.
The gnoll hits you with a +0 spear.
* * * LOW HITPOINT WARNING * * *
The gnoll hits you with a +0 whip!
* * * LOW HITPOINT WARNING * * *
It was a potion of haste.
You feel yourself speed up.
Cheibriados forgives your accidental hurry, just this once.
The gnoll bouda hits you with a +0 whip!
You die...

.........#
..................#
..................#
.......(..........##
...................
.................. #....
#####...##. ## #gg##
#..#### #.# ##@..###
##..#
#..####.g....#####...####
#..............##......##
#.......###..............
#......## #.............#
####..## #............##
##.## ##............#
#..# #...###.......
##.#####..## #.......


You could see a gnoll bouda (very poisoned) and 2 gnolls.

Vanquished Creatures
  A hound (D:5)
  An iguana (D:4)
  An orc wizard (D:3)
  5 gnolls
  6 adders
  A shadow imp (D:5)
  A worm (D:2)
  3 dart slugs (D:1)
  4 orcs (D:3)
  3 ball pythons
  7 bats
  8 endoplasms
  A giant cockroach (D:2)
  5 goblins
  9 hobgoblins
  2 kobolds
  2 frilled lizards (D:1)
  6 rats
66 creatures vanquished.

Notes
Turn   | Place    | Note
-------+----------+-------------------------------------------
     0 | D:1      | buhh the Octopode Transmuter began the quest for the Orb.
     0 | D:1      | Reached XP level 1. HP: 13/13 MP: 3/3
   114 | D:1      | Reached XP level 2. HP: 13/18 MP: 3/5
   358 | D:1      | Reached skill level 2 in Fighting
   486 | D:1      | Reached XP level 3. HP: 25/25 MP: 6/6
  1195 | D:2      | Reached skill level 3 in Fighting
  1540 | D:2      | Reached XP level 4. HP: 24/31 MP: 7/7
  2540 | D:3      | Reached XP level 5. HP: 37/37 MP: 8/8
  2798 | D:3      | Reached skill level 4 in Fighting
  3531 | D:4      | Found a staircase to the Ecumenical Temple.
  3706 | Temple   | Entered the Ecumenical Temple
  3819 | Temple   | Became a worshipper of Cheibriados the Contemplative
  4121 | D:4      | Learned a level 2 spell: Wereblood
  4125 | D:4      | Learned a level 3 spell: Spider Form
  4490 | D:5      | Entered Level 5 of the Dungeon
  4543 | D:5      | Reached XP level 6. HP: 43/43 MP: 7/9
  4697 | D:5      | Identified the +8 hand axe "Nil Wac" {speed, Stlth+}
  4729 | D:5      | Noticed a water moccasin
  4775 | D:5      | Noticed Ijyb
  4962 | D:4      | HP: 1/43 [gnoll/+0 whip[a gnoll bouda] (9)]
  4963 | D:4      | Mangled by a gnoll bouda

Illustrated notes

Levels and vault maps discovered:
D:1:      eino_arrival_water_star, layout_basic
D:2:      layout_basic, kennysheep_crisscross, minmay_tripent
D:3:      layout_basic, kennysheep_nondescript, minmay_misc_feat_enclosed,
          st_stairs_6, hangedman_abyss_or_decor_lesser_grid
D:4:      layout_layer_cave, minmay_temple_entry_mist
D:5:      layout_basic, jmf_multi_god_temple2, chequers_garden, uniq_menkaure,
          uniq_ijyb
Temple:   mainiacjoe_temple_bowtie_tessellation

Skill      XL: |  1  2  3  4  5 |
---------------+----------------+-----
Stealth        | 1 2 |  2.0
Fighting       | 2 3 4 |  4.0
Dodging        | 3 |  3.5
Poison Magic   | 1 |  1.8
Unarmed Combat | |  3.7
Spellcasting   | |  2.0
Transmutations | |  2.0

Action                   |  1- 3 |  4- 6 || total
-------------------------+-------+-------++-------
Melee: Unarmed           |    13 |    30 ||    43
       Tentacles         |     9 |     8 ||    17
       Constrict         |     5 |    16 ||    21
       Kick              |     4 |     8 ||    12
       Demon trident     |    47 |    82 ||   129
       Punch             |     2 |     4 ||     6
 Cast: Beastly Appendage |     7 |     7 ||    14
       Spider Form       |       |     2 ||     2
  Use: Potion            |       |     5 ||     5
 Stab: Sleeping          |    11 |    11 ||    22
Armor: Skin              |     2 |    72 ||    74
Dodge: Dodged            |    19 |    64 ||    83

Table legend: (Time is in decaauts)
 A = Elapsed time spent in this place.
 B = Non-inter-level travel time spent in this place.
 C = Inter-level travel time spent in this place.
 D = Time resting spent in this place.
 E = Time spent auto-exploring this place.
 F = Levels seen in this place.
 G = Mean time per level.
                   A        B        C        D        E       F      G
               +--------+--------+--------+--------+--------+-----+--------+
         Total |   5238 |   5104 |    134 |      0 |   4270 |   6 |  873.0 |
       Dungeon |   5113 |   4992 |    121 |      0 |   4178 |   5 | 1022.6 |
        Temple |    125 |    113 |     12 |      0 |     92 |   1 |  125.0 |
               +--------+--------+--------+--------+--------+-----+--------+

Top non-repeatable levels by time:
     D:3: 1521 daAuts
     D:2: 1135 daAuts
     D:4: 1083 daAuts
     D:1: 855 daAuts
     D:5: 517 daAuts
  Temple: 125 daAuts
